 Dungeon Crawl Stone Soup version 0.30-a0-578-gdee14c521f (webtiles) character file.

Game seed: 17472313372415760133

5772 wormed the Covert (level 11, -1/71 HPs)
             Began as a Kobold Delver on Jan 1, 2023.
             Was a Follower of Uskayaw.
             Slain by a vampire (7 damage)
             ... on level 9 of the Dungeon.
             The game lasted 00:18:56 (9392 turns).

wormed the Covert (Kobold Delver)                   Turns: 9392, Time: 00:18:57

Health: -1/71      AC:  8    Str:  9    XL:     11   Next: 6%
Magic:  11/12      EV: 22    Int: 16    God:    Uskayaw [*.....]
Gold:   250        SH:  0    Dex: 22    Spells: 10/10 levels left

rFire   . . .      SeeInvis .    z - +8 dagger "Goem" {holy, rN+ rCorr Int+3 Dex+2}
rCold   . . .      Faith    .    (no shield)
rNeg    + . .      Spirit   .    u - +2 leather armour {Will+}
rPois   .          Reflect  .    q - +0 helmet
rElec   .          Harm     .    (no cloak)
rCorr   +          Rampage  .    A - +1 pair of gloves
Will    +....                    (no boots)
Stlth   +++++++                  (no amulet)
HPRegen 0.31/turn                (no ring)
MPRegen 0.13/turn                (no ring)

@: hasted, very quick
A: small, no large weapons, nightstalker 3
a: Renounce Religion, Stomp


You were on level 9 of the Dungeon.
You worshipped Uskayaw.
Uskayaw was noncommittal.
You visited 2 branches of the dungeon, and saw 10 of its levels.

You collected 460 gold pieces.
You spent 210 gold pieces at shops.

Inventory:

Hand Weapons
 z - the +8 dagger "Goem" (weapon) {holy, rN+ rCorr Int+3 Dex+2}
   (You bought it in a shop on level 7 of the Dungeon)

   It has been blessed by the Shining One to cause great damage to the undead
   and demons.
   Int:       It affects your intelligence (+3).
   Dex:       It affects your dexterity (+2).
   rN:        It protects you from negative energy.
   rCorr:     It protects you from acid and corrosion.
Armour
 q - a +0 helmet (worn)
 u - a +2 leather armour of willpower (worn)
 A - a +1 pair of gloves (worn)
Jewellery
 h - a ring of flight
 l - a ring of protection from fire
 x - a ring of wizardry
 G - a ring of protection from cold
Wands
 g - a wand of digging (9)
 y - a wand of polymorph (10)
 C - a wand of quicksilver (5)
Scrolls
 a - 3 scrolls of immolation {unknown}
 c - 2 scrolls of fog
 e - a scroll of amnesia
 k - a scroll of enchant armour
 o - a scroll of enchant weapon
 r - 5 scrolls of teleportation {unknown}
 s - 2 scrolls of noise
 v - a scroll of poison {unknown}
 B - a scroll of identify
 E - a scroll of magic mapping
Potions
 b - a potion of resistance {unknown}
 d - a potion of ambrosia {unknown}
 f - 4 potions of brilliance {unknown}
 i - 2 potions of haste
 m - 3 potions of cancellation
 n - a potion of magic
 p - 2 potions of might {unknown}
 t - a potion of lignification {unknown}
 w - 2 potions of invisibility {unknown}
 F - a potion of curing {unknown}
 H - a potion of flight {unknown}


   Skills:
 - Level 9.5 Fighting
 - Level 10.0 Short Blades
 - Level 9.9 Dodging
 - Level 13.0 Stealth
 * Level 2.1 Invocations


You had 10 spell levels left.
You didn't know any spells.
Your spell library contained the following spells:

 Spells                   Type           Power      Damage    Failure   Level
 Magic Dart               Conj           0%         1d3       34%         1
 Cigotuvi's Dreadful Rot  Necr/Pois/Air  0%         N/A       47%         2
 Ensorcelled Hibernation  Hex/Ice        0%         N/A       47%         2
 Poisonous Vapours        Pois/Air       0%         N/A       47%         2
 Gell's Gravitas          Tloc           0%         N/A       71%         3
 Lesser Beckoning         Tloc           0%         N/A       71%         3
 Mephitic Cloud           Conj/Pois/Air  0%         N/A       71%         3
 Spider Form              Tmut/Pois      0%         N/A       71%         3
 Teleport Other           Tloc           0%         N/A       71%         3
 Anguish                  Hex/Necr       0%         N/A       98%         4
 Dispel Undead            Necr           0%         3d6       98%         4
 Death Channel            Necr           0%         N/A       100%        6


Dungeon Overview and Level Annotations

Branches:
Dungeon (9/15)             Temple (1/1) D:4
   Lair: D:8-11         Orc: D:9-12

Altars:
Ashenzari
Cheibriados
Dithmenos
Elyvilon
Fedhas
Gozag
Hepliaklqana
Kikubaaqudgha
Makhleb
Nemelex Xobeh
Okawaru
Qazlal
Ru
Sif Muna
Trog
Uskayaw
Vehumet
Wu Jian
Xom
Yredelemnul
Zin
The Shining One

Shops:
D:4 (   D:7 ((

Annotations:
D:3 Crazy Yiuf
D:8 2 transporters


Innate Abilities, Weirdness & Mutations

You are small and have problems with some larger weapons.
You are completely attuned to the shadows.


Message History

Aiming: Line Pass
Press: ? - help, Dir - move target
Okay, then.
You stomp with the beat, sending a shockwave through the revellers around you!
Something hits you. Something bites you.
You hit something. You hit something but do no damage.
Something draws life force from you!
* * * LOW HITPOINT WARNING * * *
You feel much better. Something hits you. Something closely misses you.
You miss something. You hit something but do no damage. Something hits you.
Something bites you!
* * * LOW HITPOINT WARNING * * *
Something draws strength from your injuries!
You hit something.
Uskayaw will force your foes to share their pain.
You barely miss something. Something draws life force from you!
* * * LOW HITPOINT WARNING * * *
As you read the scroll of fog, it crumbles to dust.
The scroll dissolves into smoke.
Something hits you.
* * * LOW HITPOINT WARNING * * *
Something bites you.
* * * LOW HITPOINT WARNING * * *
Something draws strength from your injuries!
Something hits you.
* * * LOW HITPOINT WARNING * * *
Something misses you. Something hits you but does no damage.
Something bites you.
* * * LOW HITPOINT WARNING * * *
You can no longer pass through a line of other dancers.
Throw: throwing net
Press: ? - help, Q - select action, (/) - cycle Shift-Dir - straight line You throw a throwing net.
Something misses you. Something closely misses you. Something hits you.
* * * LOW HITPOINT WARNING * * *
Something bites you but does no damage.
You hit something but do no damage.
You feel yourself speed up. Something closely misses you. Something bites you!
You die...

#.## #.#.... #..#
#....#. ##..##
#...... #....#
#...... #.##.##
##..... #.#...#
#..... # #.P.#
#..... #...# #.....
##@## ######..)..
#.# #........(.
##.## #####.§....##
##...###.§§#§§....#
...._.....§§§§§....#
###.(.###§§§#§§....#
##.## #####§§....#
#.# ##.[......# #.
###.........#


There were no monsters in sight!

Vanquished Creatures
  A two-headed ogre (D:7)
  Pikel (D:7)
  A komodo dragon (D:8)
  A troll (D:9)
  A hornet (D:8)
  Eustachio (D:5)
  A steam dragon (D:8)
  An acid dragon (D:8)
  3 water moccasins
  A black bear (D:6)
  A sky beast (D:7)
  7 orc warriors
  2 ice beasts
  An ogre (D:6)
  3 lemures
  A kobold brigand (D:8)
  2 phantoms
  5 bullfrogs
  A necrophage (D:7)
  2 scorpions (D:5)
  A gnoll sergeant (D:9)
  4 wights (D:8)
  4 killer bees (D:9)
  2 howler monkeys
  2 orc priests
  2 jellies
  A gnoll bouda (D:9)
  6 hounds
  Jessica (D:2)
  5 iguanas
  7 orc wizards
  A mummy (D:5)
  14 gnolls
  10 adders
  2 shadow imps (D:6)
  2 white imps
  An ufetubus (D:4)
  A worm (D:2)
  4 dart slugs
  34 orcs
  3 ball pythons
  10 endoplasms
  4 giant cockroaches
  11 goblins
  5 hobgoblins
  11 kobolds
  5 quokkas
  5 bats
  6 frilled lizards
  3 rats
  A spectral hobgoblin (D:4)
205 creatures vanquished.

Vanquished Creatures (others)
  6 plants
6 creatures vanquished.

Grand Total: 211 creatures vanquished

Notes
Turn   | Place    | Note
-------+----------+-------------------------------------------
     0 | D:5      | wormed the Kobold Delver began the quest for the Orb.
     0 | D:5      | Reached XP level 1. HP: 14/14 MP: 1/1
    22 | D:5      | Noticed a hound
    26 | D:5      | Killed a hound
    27 | D:5      | Reached XP level 2. HP: 20/20 MP: 2/2
    27 | D:5      | Reached XP level 3. HP: 24/24 MP: 3/3
    32 | D:5      | Found a blossoming altar of Fedhas.
    71 | D:5      | Noticed Eustachio
    79 | D:5      | Killed Eustachio
    80 | D:5      | Reached skill level 7 in Stealth
    80 | D:5      | Reached XP level 4. HP: 29/30 MP: 4/4
    80 | D:5      | Reached XP level 5. HP: 33/34 MP: 5/5
   640 | D:2      | Reached XP level 6. HP: 39/39 MP: 6/6
   953 | D:2      | Noticed Jessica
   955 | D:2      | Killed Jessica
  2439 | D:3      | Found a runed translucent door.
  2442 | D:3      | Noticed Crazy Yiuf
  2842 | D:3      | Reached skill level 8 in Stealth
  2971 | D:4      | Noticed an orc warrior
  2975 | D:4      | Killed an orc warrior
  2976 | D:4      | Reached skill level 5 in Fighting
  2976 | D:4      | Reached skill level 5 in Short Blades
  2976 | D:4      | Reached XP level 7. HP: 30/44 MP: 7/7
  3563 | D:4      | Found a hazy altar of Hepliaklqana.
  3685 | D:4      | Found a staircase to the Ecumenical Temple.
  3741 | Temple   | Entered the Ecumenical Temple
  3790 | Temple   | Became a worshipper of Uskayaw the Reveller
  3842 | D:4      | Reached * piety under Uskayaw
  3996 | D:4      | Found Omper's Antique Weapon Shoppe.
  4171 | D:4      | Found an opulent altar of Gozag.
  4171 | D:4      | Found a bloodstained altar of Trog.
  4403 | D:5      | Reached skill level 5 in Dodging
  4500 | D:5      | Noticed a water moccasin
  4504 | D:5      | Killed a water moccasin
  4504 | D:5      | Reached ** piety under Uskayaw
  4797 | D:5      | Reached XP level 8. HP: 50/50 MP: 8/8
  4873 | D:5      | Reached skill level 9 in Stealth
  4885 | D:5      | Reached *** piety under Uskayaw
  5673 | D:6      | Reached XP level 9. HP: 56/56 MP: 9/9
  5762 | D:6      | Reached skill level 10 in Stealth
  5805 | D:6      | Found a basalt altar of Yredelemnul.
  5856 | D:6      | Found a shimmering blue altar of Sif Muna.
  5865 | D:6      | Found an ancient bone altar of Kikubaaqudgha.
  5887 | D:6      | Found a radiant altar of Vehumet.
  5997 | D:6      | Got Vehumet's Compilation of the Salvo
  6233 | D:7      | Found Aqaave's Antique Weapon Emporium.
  6362 | D:7      | Noticed Pikel
  6563 | D:7      | Killed Pikel
  6649 | D:7      | Found a sparkling altar of Nemelex Xobeh.
  6694 | D:7      | Bought a smouldering dagger for 210 gold pieces
  6694 | D:7      | Identified the +8 dagger "Goem" {holy, rN+ rCorr Int+3
                  | Dex+2} (You bought it in a shop on level 7 of the Dungeon)
  6735 | D:7      | Found Asagawk's Firing Range.
  6771 | D:7      | Reached skill level 11 in Stealth
  7099 | D:7      | Found a glowing golden altar of the Shining One.
  7099 | D:7      | Found a burning altar of Makhleb.
  7185 | D:7      | Noticed a two-headed ogre
  7187 | D:7      | Killed a two-headed ogre
  7188 | D:7      | Reached XP level 10. HP: 64/64 MP: 10/10
  7575 | D:8      | Reached skill level 10 in Short Blades
  7618 | D:8      | Found a transporter.
  7852 | D:8      | Reached skill level 12 in Stealth
  7885 | D:8      | Found a shadowy altar of Dithmenos.
  7951 | D:8      | Found a snail-covered altar of Cheibriados.
  8001 | D:8      | Paralysed by a hornet for 2 turns
  8102 | D:8      | Found a transporter.
  8104 | D:8      | Noticed a centaur warrior
  8120 | D:8      | Noticed a centaur warrior
  8123 | D:8      | Noticed a freezing wraith
  8210 | D:8      | Noticed a komodo dragon
  8227 | D:8      | Killed a komodo dragon
  8773 | D:9      | Reached **** piety under Uskayaw
  8911 | D:9      | Found a white marble altar of Elyvilon.
  9001 | D:9      | Reached ***** piety under Uskayaw
  9009 | D:9      | Reached XP level 11. HP: 36/71 MP: 11/11
  9295 | D:9      | Reached skill level 13 in Stealth
  9352 | D:9      | Reached skill level 1 in Invocations
  9392 | D:9      | Slain by a vampire

Illustrated notes

Levels and vault maps discovered:
D:1:      mainiacjoe_arrival_reflecting_pool, layout_loops_ring
D:2:      layout_basic, uniq_jessica
D:3:      layout_loops_ring, uniq_crazy_yiuf_cottage
D:4:      layout_layer_cave, nicolae_overflow_two_pavilions,
          nicolae_hepliaklqana_monster_ancestors,
          minmay_temple_entry_purple_smoke, serial_shops,
          nicolae_shop_waterfront, eino_small_chamber_without_monster,
          st_stairs_1, grunt_decor_mini_mirrors, minmay_curled_crystal
D:5:      layout_cave_pods, nicolae_overflow_hidden_temple,
          gup_ossuary_entry_pyramid, uniq_eustachio
D:6:      layout_gridville, palyth_temple_overflow_mages, general_overflow_altar
D:7:      layout_loops_ring, nemelex_spade_bored_becter,
          gammafunk_temple_overflow_elements, serial_shops, shop,
          nicolae_shop_firing_range, uniq_pikel
D:8:      gammafunk_sealed_arena, layout_cave_pools, grunt_dithmenos_shadows,
          cheibriados_altar_1, minmay_lizard_king
D:9:      layout_basic, elyvilon_altar_1, serial_glass, glass_columns_a,
          glass_columns_b, glass_columns_a, glass_columns_c, glass_columns_b,
          glass_columns_a, glass_columns_a, glass_columns_a, special_room
          [special_room_orc]
Temple:   nicolae_temple_ecumenical_triangle

Skill      XL: |  1  2  3  4  5  6  7  8  9 10 11 |
---------------+----------------------------------+-----
Short Blades   | 3 4 5 6 7 9 10 | 10.0
Dodging        | 3 4 5 6 8 9 |  9.9
Fighting       | 4 5 6 8 9 |  9.5
Stealth        | 7 8 9 11 12 13 | 13.0
Invocations    | 2 |  2.1

Action                   |  1- 3 |  4- 6 |  7- 9 | 10-12 || total
-------------------------+-------+-------+-------+-------++-------
Melee: Short sword       |     1 |       |       |       ||     1
       Rapier            |     3 |   126 |   250 |       ||   379
       Punch             |       |       |     3 |     7 ||    10
       Dagger            |       |       |    33 |   233 ||   266
Throw: Throwing net      |       |       |       |     1 ||     1
Invok: Line Pass         |       |       |     3 |     2 ||     5
       Stomp             |       |       |       |     1 ||     1
  Use: Scroll            |     1 |     2 |     8 |     2 ||    13
       Potion            |     1 |     1 |       |     5 ||     7
 Stab: Sleeping          |     2 |    41 |    34 |    19 ||    96
       Distracted        |       |       |     2 |       ||     2
       Paralysed         |       |       |     2 |     8 ||    10
       Confused          |       |       |     3 |     1 ||     4
Armor: Robe              |       |    11 |     9 |       ||    20
       Leather armour    |       |       |    25 |    23 ||    48
Dodge: Dodged            |     2 |    73 |   189 |   174 ||   438

Table legend: (Time is in decaauts)
 A = Elapsed time spent in this place.
 B = Non-inter-level travel time spent in this place.
 C = Inter-level travel time spent in this place.
 D = Time resting spent in this place.
 E = Time spent auto-exploring this place.
 F = Levels seen in this place.
 G = Mean time per level.
                   A        B        C        D        E       F      G
               +--------+--------+--------+--------+--------+-----+--------+
         Total |   9193 |   8712 |    481 |      0 |   7000 |  10 |  919.3 |
       Dungeon |   9135 |   8654 |    481 |      0 |   6967 |   9 | 1015.0 |
        Temple |     58 |     58 |      0 |      0 |     33 |   1 |   58.0 |
               +--------+--------+--------+--------+--------+-----+--------+

Top non-repeatable levels by time:
     D:4: 1352 daAuts
     D:5: 1141 daAuts
     D:7: 1137 daAuts
     D:8: 1016 daAuts
     D:3: 1016 daAuts
     D:2: 954 daAuts
     D:6: 918 daAuts
     D:1: 825 daAuts
     D:9: 773 daAuts
  Temple: 58 daAuts
